 Dungeon Crawl Stone Soup version 0.18.1-48-g4cf74bf (webtiles) character file.

228 Galewin the Chopper (level 5, -3/45 HPs)
             Began as a Minotaur Berserker on Aug 5, 2016.
             Was a Priest of Trog.
             Killed by divine providence
             ... invoked by an orc priest
              (10 damage)
             ... on level 4 of the Dungeon.
             The game lasted 00:03:59 (1600 turns).

Galewin the Chopper (Minotaur Berserker)            Turns: 1600, Time: 00:04:00

Health: -3/45      AC: 13    Str: 22    XL:     5   Next: 71%
Magic:  4/4        EV:  7    Int:  4    God:    Trog [***...]
Gold:   189        SH:  0    Dex: 10    Spells: 0 memorised, 4 levels left

rFire  . . .     SeeInvis .     a - +0 hand axe
rCold  . . .     Gourm    .     l - +0 plate armour
rNeg   . . .     Faith    .     (no shield)
rPois  .         Spirit   .     (helmet restricted)
rElec  .         Dismiss  .     m - +0 cloak
rCorr  .         Reflect  .     (no gloves)
SustAt .         Harm     .     (no boots)
MR     .....                    (no amulet)
Stlth  ..........               (no ring)
                                (no ring)

@: exhausted, slowed, very slow, not resistant to hostile enchantments,
extremely unstealthy
A: retaliatory headbutt, horns 2
a: Berserk, Trog's Hand, Burn Spellbooks, Renounce Religion


You were on level 4 of the Dungeon.
You worshipped Trog.
Trog was most pleased with you.
You were not hungry.

You visited 1 branch of the dungeon, and saw 4 of its levels.

You collected 189 gold pieces.

Inventory:

Hand Weapons
 a - a +0 hand axe (weapon)
Armour
 l - a +0 plate armour (worn)
 m - a +0 cloak (worn)
Jewellery
 s - a cursed ring of loudness {unknown}
 w - an uncursed ring of ice {unknown}
Scrolls
 e - a scroll of identify {unknown}
 f - a scroll of magic mapping {unknown}
 g - a scroll of remove curse
 k - a scroll of fear
 n - a scroll of teleportation {unknown}
 o - 2 scrolls of enchant weapon {unknown}
 t - a scroll of recharging {unknown}
Potions
 b - a potion of lignification {unknown}
 i - a potion of agility {unknown}
 j - a potion of curing {unknown}
 p - a potion of heal wounds {unknown}
 q - a potion of resistance {unknown}
 r - a potion of ambrosia {unknown}
 u - a potion of magic {unknown}
 x - a potion of brilliance {unknown}
Comestibles
 c - a bread ration
 d - 5 fruits
 h - a meat ration
 v - 5 chunks of flesh


   Skills:
 - Level 3.6 Fighting
 * Level 6.8 Axes
 + Level 4.4 Armour
 - Level 2.1 Dodging


You had 4 spell levels left.
You didn't know any spells.

Dungeon Overview and Level Annotations

Branches:
Dungeon (4/15)
 Temple: D:4-7

Altars:
Elyvilon
Yredelemnul


Innate Abilities, Weirdness & Mutations

You reflexively headbutt those who attack you in melee.
You have a pair of horns on your head.


Message History

Beogh smites you!
The orc wizard hits you but does no damage.
The orc wizard hits you with a dagger. The orc hits you but does no damage.
The orc wizard hits you with a dagger.
The orc wizard hits you but does no damage.
You closely miss the orc wizard. Your headbutt misses the orc wizard.
The orc wizard is lightly wounded.
The orc wizard points at you and mumbles some strange words.
The magic dart hits you!
* * * LOW HITPOINT WARNING * * *
The orc wizard casts a spell at you. The magic dart hits you!
* * * LOW HITPOINT WARNING * * *
The orc priest jeers noisily.
The orc wizard casts a spell.
The orc wizard seems to speed up.
The orc closely misses you.
The orc priest mumbles some strange prayers to Beogh against you.
Beogh smites you!
You die...

#.. # ###..# .#
#....###+###..#
#............
#......#.#.##.#
#......o......#
#...oo.########
#...oo.# #..@...#
#......# ####.###
#)#
.#####.#######
..............###
####..#######...#
#..............#
######.........#


You could see an orc priest, an orc wizard and 3 orcs.

Vanquished Creatures
  An ogre (D:4)
  A jelly (D:3)
  2 gnolls (D:4)
  2 adders
  A worm (D:4)
  3 dart slugs
  A giant gecko (D:2)
  2 orcs (D:4)
  6 giant cockroaches
  7 goblins
  3 hobgoblins (D:1)
  8 jackals (D:4)
  4 kobolds
  4 quokkas
  A ball python (D:2)
  4 bats
  14 giant newts
  5 rats
69 creatures vanquished.

Notes
Turn   | Place    | Note
--------------------------------------------------------------
     0 | D:1      | Galewin the Minotaur Berserker began the quest for the Orb.
     0 | D:1      | Reached XP level 1. HP: 19/19 MP: 0/0
    67 | D:1      | Reached skill level 4 in Axes
    73 | D:1      | Reached XP level 2. HP: 21/26 MP: 1/1
   152 | D:1      | Reached ** piety under Trog
   387 | D:1      | Reached XP level 3. HP: 31/31 MP: 2/2
   488 | D:2      | Found a basalt altar of Yredelemnul.
   663 | D:2      | Found a white marble altar of Elyvilon.
   961 | D:3      | Reached skill level 5 in Axes
   961 | D:3      | Reached XP level 4. HP: 34/39 MP: 3/3
  1418 | D:4      | Reached *** piety under Trog
  1509 | D:4      | Reached skill level 6 in Axes
  1571 | D:4      | Noticed an ogre
  1576 | D:4      | Killed an ogre
  1576 | D:4      | Reached XP level 5. HP: 45/45 MP: 4/4
  1600 | D:4      | Killed from afar by an orc priest

Skill      XL: |  1  2  3  4 |
---------------+-------------+-----
Axes           | 4 5 6 |  6.8
Armour         | 3 4 |  4.4
Fighting       | |  3.6
Dodging        | |  2.1

Action                   |  1- 3 |  4- 6 || total
-------------------------+-------+-------++-------
Melee: Hand axe          |    94 |    61 ||   155
       Headbutt          |    13 |    18 ||    31
Invok: Berserk           |       |     1 ||     1
  Use: Scroll            |     2 |       ||     2
  Eat: Chunk             |       |     3 ||     3
Armor: Chain mail        |    42 |       ||    42
       Plate armour      |    16 |    39 ||    55
Dodge: Dodged            |    28 |    26 ||    54
